 Dungeon Crawl Stone Soup version 0.20.0-3-g22ec75f (webtiles) character file.

145011 Manul the Unseen (level 16, -19/86 HPs)
             Began as a Spriggan Assassin on May 27, 2017.
             Was a Believer of Uskayaw.
             Killed from afar by a spark wasp (21 damage)
             ... with a living lightning
             ... on level 1 of the Depths.
             The game lasted 00:56:10 (34421 turns).

Manul the Unseen (Spriggan Assassin)               Turns: 34421, Time: 00:56:11

Health: -19/86     AC: 13    Str:  7    XL:     16   Next: 86%
Magic:  26/26      EV: 40    Int: 17    God:    Uskayaw [**....]
Gold:   2050       SH: 13    Dex: 24    Spells: 21/27 levels left

rFire    . . .     SeeInvis +   B - +3 short sword (flame)
rCold    . . .     Gourm    .   m - +3 buckler {AC+3}
rNeg     . . .     Faith    .   K - +1 troll leather armour
rPois    .         Spirit   .   a - +2 hat
rElec    .         Reflect  .   C - +1 cloak
rCorr    .         Harm     .   (gloves unavailable)
MR       ++...                  (boots unavailable)
Stlth    +++++++...             h - amulet of regeneration
Regen    1.1/turn               J - +4 ring of slaying
MPRegen  0.2/turn               S - +5 ring of evasion

@: very slightly contaminated, very quick
A: unfitting armour, see invisible, clever 2, herbivore 3, speed 3, slow
metabolism 2
a: Stomp, Line Pass, Renounce Religion


You were on level 1 of the Depths.
You worshipped Uskayaw.
Uskayaw was noncommittal.
You were not hungry.

You visited 6 branches of the dungeon, and saw 28 of its levels.
You also visited: Bailey.

You collected 2672 gold pieces.
You spent 622 gold pieces at shops.

Inventory:

Hand Weapons
 b - a +1 blowgun
 y - the +2 rapier "Pumenn" {venom, rElec}
   (You found it on level 4 of the Dungeon)

   It poisons the flesh of those it strikes.
   It insulates you from electricity.
 B - a +3 short sword of flaming (weapon)
Missiles
 e - 140 poisoned needles
 f - 6 curare-tipped needles
Armour
 a - a +2 hat (worn)
 d - a +1 cloak
 m - a +3 buckler of protection (worn)
 C - a +1 cloak (worn)
 K - a +1 troll leather armour (worn)
 O - a scarf of spirit shield
Jewellery
 h - an amulet of regeneration (around neck)
 t - an uncursed ring of protection from magic
 J - a +4 ring of slaying (left hand)
 S - a +5 ring of evasion (right hand)
Wands
 c - a wand of digging (8/24)
 k - a wand of scattershot (0/9)
 A - a wand of acid (6/15)
 G - a wand of confusion (27/48)
 R - a wand of digging (20/24)
 Y - a wand of clouds (4/9)
Scrolls
 g - 2 scrolls of magic mapping
 j - 9 scrolls of teleportation
 l - 6 scrolls of identify
 r - 13 scrolls of remove curse
 z - 2 scrolls of fog
 D - a scroll of blinking
 I - a scroll of silence
 M - a scroll of enchant weapon
 U - 3 scrolls of immolation {unknown}
 Z - 4 scrolls of fear
Potions
 s - 5 potions of heal wounds
 u - 2 potions of haste {unknown}
 w - a potion of ambrosia
 x - 3 potions of berserk rage
 F - 4 potions of flight
 H - 6 potions of curing
 N - 2 potions of might
 Q - a potion of brilliance
 W - 5 potions of agility
 X - a potion of cancellation
Books
 o - a book of Clouds

   Spells                             Type                      Level
   a - Poisonous Vapours              Poison/Air                   2
   b - Mephitic Cloud                 Conjuration/Poison/Air       3
   c - Conjure Flame                  Conjuration/Fire             3
   d - Freezing Cloud                 Conjuration/Ice/Air          6
   e - Ring of Flames                 Charms/Fire                  7
 E - a book of Minor Magic

   Spells                             Type                      Level
   a - Magic Dart                     Conjuration                  1
   b - Blink                          Translocation                2
   c - Call Imp                       Summoning                    2
   d - Slow                           Hexes                        2
   e - Conjure Flame                  Conjuration/Fire             3
   f - Mephitic Cloud                 Conjuration/Poison/Air       3
Miscellaneous
 i - a lamp of fire (inert)
 p - a sack of spiders
 L - a box of beasts
 P - a fan of gales
 T - a lightning rod (inert)
Comestibles
 n - 12 bread rations
 q - 6 royal jellies
 v - 23 fruits


   Skills:
 + Level 10.4 Fighting
 + Level 16.1 Short Blades
 - Level 2.3 Throwing
 + Level 4.8 Armour
 + Level 17.4 Dodging
 + Level 18.3 Stealth
 - Level 9.1 Shields
 - Level 6.4 Spellcasting
 - Level 4.5 Hexes
 + Level 4.0 Charms
 + Level 4.1 Translocations
 - Level 6.0 Invocations


You had 21 spell levels left.
You knew the following spells:

 Your Spells              Type           Power        Failure   Level  Hunger
a - Beastly Appendage     Tmut           #.....       17%         1    None
b - Shroud of Golubria    Chrm/Tloc      ###.......   4%          2    None
c - Confuse               Hex            ###.....     8%          3    ##.....


Dungeon Overview and Level Annotations

Branches:
Dungeon (15/15)            Temple (1/1) D:5            Lair (6/6) D:8
  Swamp (0/4) Lair:2        Snake (0/4) Lair:3          Orc (2/2) D:10
    Elf (3/3) Orc:2        Vaults (0/5) D:13         Depths (1/5) D:15
  Slime: Lair:5-6

Altars:
Ashenzari
Cheibriados
Dithmenos
Elyvilon
Fedhas
Gozag
Hepliaklqana
Kikubaaqudgha
Makhleb
Nemelex Xobeh
Okawaru
Qazlal
Ru
Sif Muna
Trog
Uskayaw
Vehumet
Xom
Yredelemnul
Zin
The Shining One
Beogh

Shops:
D:13 %   D:14 *   Orc:2 !:![   Elf:1 !

Portals:
Pandemonium: Orc:2
Trove: Elf:1 (give +8 demon blade)

Annotations:
D:15 exclusion: Roxanne, Roxanne
Lair:2 exclusion: oklob plant
Lair:6 exclusion: 3 oklob plants
Elf:2 3 runed doors


Innate Abilities, Weirdness & Mutations

You are very small and have problems with some larger weapons.
You are too small for most types of armour.
You have supernaturally acute eyesight. (SInv)
You are a herbivore.
You cover ground extremely quickly.
You need consume almost no food.
Your mind is very acute. (Int +4)


Message History

The cyan very ugly thing tail-slaps you!
The cyan very ugly thing shocks you!! You block the spark wasp's attack.
The cyan very ugly thing basks in the mutagenic energy from its kin and changes!
The brown very ugly thing completely misses you.
The spark wasp misses you.
The cyan very ugly thing tail-slaps you!!
* * * LOW HITPOINT WARNING * * *
The cyan very ugly thing shocks you!!
* * * LOW HITPOINT WARNING * * *
The brown very ugly thing completely misses you.
Unknown command.
Okay, then.
Blink to where?
Press: ? - help, Dir - move target cursor You are very lightly contaminated with residual magic.
As you read the scroll of blinking, it crumbles to dust.
A frost giant comes into view. It is wielding a battleaxe of freezing.
The spark wasp bursts into living lightning!
The living lightning hits you!
You die...

.# ..# ########C####
#.....$.....#
#......y....#
#...........# #####
##...........###..<+
#....u.y.....@...###
#....u§.....)#####
####u######### #


You could see a frost giant (wandering) and 2 spark wasps.

Vanquished Creatures
  A deep elf blademaster (Elf:2)
  An acid blob (Lair:6)
  A deep elf elementalist (Elf:1)
  Louise (D:14)
  A stone giant (Orc:1)
  The ghost of donomii the Prestidigitator, a journeyman DsBe of Trog (D:12)
  The ghost of IcyS the Peltast, a journeyman OpFi of Makhleb (Lair:4)
  Nessos (D:14)
  A deep elf demonologist (Elf:2)
  Azrael (D:12)
  A deep elf annihilator (Elf:1)
  A dire elephant (Lair:6)
  An ettin (Depths:1)
  An ogre mage (D:11)
  Snorg (D:10)
  Erolcha (Orc:1)
  4 vault guards (D:13)
  3 hydras
  Fannar (D:10)
  2 catoblepae (Lair:6)
  6 centaur warriors
  8 two-headed ogres
  14 death yaks
  A deep troll shaman (Lair:6)
  6 dancing weapons
  The ghost of Garrluk the Destroyer, a journeyman DEFE of Vehumet (Lair:1)
  3 orc high priests (Orc:2)
  Urug (D:10)
  7 deep elf knights
  4 skeletal warriors (D:14)
  An infernal demonspawn (Orc:2)
  2 torturous demonspawn (Orc:2)
  6 unseen horrors
  10 deep elf archers
  6 orc knights
  40 deep elf magi
  2 ugly things
  An orb spider (shapeshifter) (D:14)
  9 orc sorcerers
  A salamander (D:15)
  5 cyclopes
  A manticore (D:15)
  18 elephants
  Joseph (D:7)
  2 rust devils
  A black mamba (Lair:6)
  A centaur skeleton (D:13)
  8 spiny frogs
  An orange demon (Orc:2)
  2 rime drakes
  6 komodo dragons
  An ice devil (Orc:2)
  10 trolls
  A hellwing (Orc:2)
  A merfolk (D:9)
  A red devil (Orc:2)
  A meliai (shapeshifter) (D:14)
  A harpy skeleton (D:14)
  A hornet (D:11)
  A hornet (shapeshifter) (D:14)
  3 dream sheep
  Prince Ribbit (D:7)
  10 blink frogs
  4 hippogriffs
  3 water elementals
  5 air elementals
  2 shadows
  A wraith (D:15)
  2 vampires (D:14)
  31 yaks
  3 wyverns
  2 hungry ghosts
  2 fire elementals
  A neqoxec (Orc:2)
  3 basilisks
  5 wargs
  3 insubstantial wisps (Lair:2)
  A soldier ant (D:11)
  5 nagas (Lair:3)
  2 hell hounds
  A soldier ant (shapeshifter) (D:15)
  15 water moccasins
  2 porcupines
  A sky beast (D:12)
  5 ice beasts
  A black bear (shapeshifter) (D:14)
  A hornet zombie (D:14)
  2 necrophages
  3 phantoms
  5 black bears
  2 eyes of draining
  11 ogres
  42 orc warriors
  16 wolves
  9 crocodiles
  23 centaurs
  4 big kobolds
  3 earth elementals
  2 gnoll sergeants
  15 bullfrogs
  2 wyvern zombies
  9 killer bees
  11 wights
  4 howler monkeys (D:9)
  An electric eel (Lair:2)
  4 centaur zombies
  6 crimson imps
  2 quasits
  4 bullfrog skeletons
  30 orc priests
  4 hounds
  A jelly (D:5)
  A gnoll shaman (Orc:2)
  2 hell rats (Lair:3)
  3 iguanas
  Ijyb (D:4)
  20 orc wizards
  12 worker ants
  2 killer bee zombies
  A hound zombie (D:6)
  A hound skeleton (D:5)
  2 worker ant zombies
  16 adders
  23 gnolls
  10 river rats (Lair:3)
  3 shadow imps
  An ooze (D:1)
  3 adder skeletons
  3 worms (D:2)
  4 dart slugs
  4 leopard geckos
  124 orcs
  8 giant cockroaches
  15 hobgoblins
  12 jackals
  2 quokkas
  3 ball pythons
  A ball python skeleton (D:5)
  10 bats
  5 frilled lizards
  13 goblins
  32 kobolds
  9 rats
895 creatures vanquished.

Vanquished Creatures (others)
  A hydra (D:11)
  A deep elf mage (Elf:1)
  A yak (D:11)
  A big kobold (D:10)
  An orc wizard (D:6)
  An adder (D:12)
  2 orcs
  6 kobolds
  2 plants
  4 withered plants (D:3)
20 creatures vanquished.

Grand Total: 915 creatures vanquished

Notes
Turn   | Place    | Note
-------+----------+-------------------------------------------
     0 | D:1      | Manul the Spriggan Assassin began the quest for the Orb.
     0 | D:1      | Reached XP level 1. HP: 10/10 MP: 2/2
     3 | D:1      | Noticed an electric eel
     6 | D:1      | Noticed an electric eel
    49 | D:1      | Reached skill level 6 in Stealth
   607 | D:1      | Reached XP level 2. HP: 2/15 MP: 3/3
  1283 | D:1      | Reached skill level 7 in Stealth
  1312 | D:1      | Reached XP level 3. HP: 18/18 MP: 4/4
  1911 | D:2      | Found a radiant altar of Vehumet.
  1955 | D:2      | Reached XP level 4. HP: 23/23 MP: 5/5
  2715 | D:2      | Reached skill level 8 in Stealth
  3413 | D:1      | Reached XP level 5. HP: 4/26 MP: 6/6
  3862 | D:2      | Gained mutation: Your magical capacity is low. (-10% MP) [potion of mutation]
  3862 | D:2      | Gained mutation: You are resistant to electric shocks. (rElec) [potion of mutation]
  3868 | D:1      | Lost mutation: Your magical capacity is low. (-10% MP) [potion of mutation]
  3868 | D:1      | Lost mutation: You are resistant to electric shocks. (rElec) [potion of mutation]
  3868 | D:1      | Gained mutation: You are weak. (Str -2) [potion of mutation]
  3868 | D:1      | Gained mutation: You are resistant to electric shocks. (rElec) [potion of mutation]
  3868 | D:1      | Gained mutation: You expend magic power (3 MP) to strengthen your wands. [potion of mutation]
  3868 | D:1      | Gained mutation: Your system is resistant to poisons. (rPois) [potion of mutation]
  4907 | D:2      | Found a snail-covered altar of Cheibriados.
  5336 | D:3      | Reached XP level 6. HP: 27/30 MP: 7/7
  5432 | D:3      | Found a deep blue altar of Sif Muna.
  6663 | D:4      | Noticed Ijyb
  6685 | D:4      | Killed Ijyb
  6723 | D:4      | Found a white marble altar of Elyvilon.
  6960 | D:4      | Got a polished rapier
  6961 | D:4      | Identified the cursed +2 rapier "Pumenn" {venom, rElec} (You found it on level 4 of the Dungeon)
  6980 | D:4      | Reached skill level 9 in Stealth
  7270 | D:5      | Entered Level 5 of the Dungeon
  7312 | D:5      | Reached XP level 7. HP: 31/35 MP: 8/8
  7399 | D:5      | Found a staircase to the Ecumenical Temple.
  7418 | Temple   | Entered the Ecumenical Temple
  7496 | Temple   | Became a worshipper of Uskayaw the Reveler
  7522 | D:5      | Reached * piety under Uskayaw
  7531 | D:5      | Reached ** piety under Uskayaw
  7546 | D:5      | Reached skill level 5 in Short Blades
  7546 | D:5      | Reached *** piety under Uskayaw
  7582 | D:5      | Reached skill level 5 in Dodging
  7737 | D:5      | Found a burning altar of Makhleb.
  8610 | D:6      | Reached XP level 8. HP: 31/40 MP: 9/9
  8795 | D:6      | Reached skill level 1 in Invocations
  8808 | D:6      | Reached **** piety under Uskayaw
  8854 | D:6      | Identified a scroll of acquirement
  9081 | D:6      | Reached skill level 10 in Stealth
  9664 | D:6      | Reached skill level 1 in Shields
 10108 | D:6      | Found an ancient bone altar of Kikubaaqudgha.
 10375 | D:7      | Learned a level 1 spell: Beastly Appendage
 10499 | D:7      | Reached XP level 9. HP: 41/45 MP: 10/10
 10530 | D:7      | Noticed Prince Ribbit
 10547 | D:7      | Killed Prince Ribbit
 10745 | D:7      | Noticed Joseph
 10752 | D:7      | Killed Joseph
 10752 | D:7      | Reached skill level 11 in Stealth
 10753 | D:7      | Found an opulent altar of Gozag.
 11189 | D:8      | Noticed a two-headed ogre
 11220 | D:8      | Killed a two-headed ogre
 11220 | D:8      | Reached skill level 12 in Stealth
 11382 | D:8      | Reached XP level 10. HP: 51/51 MP: 11/11
 11529 | D:8      | Found a staircase to the Lair.
 11553 | D:8      | Reached skill level 10 in Short Blades
 12069 | D:9      | Identified Neto's Incunabulum of Earthen Displacement
 12074 | D:9      | Learned a level 2 spell: Shroud of Golubria
 12400 | D:9      | Reached skill level 5 in Fighting
 13052 | D:10     | Entered Level 10 of the Dungeon
 13066 | D:10     | Found a flagged portal.
 13086 | D:10     | Noticed Fannar
 13116 | D:10     | Noticed Urug
 13123 | D:10     | Killed Urug
 13123 | D:10     | Reached skill level 1 in Armour
 13255 | Bailey   | Entered a bailey
 13352 | Bailey   | Reached XP level 11. HP: 31/56 MP: 12/12
 13605 | Bailey   | Reached skill level 5 in Shields
 13838 | D:10     | Killed Fannar
 13870 | D:10     | Reached skill level 10 in Dodging
 13870 | D:10     | Reached XP level 12. HP: 61/61 MP: 12/18
 13933 | D:10     | Noticed Snorg
 13952 | D:10     | Killed Snorg
 14012 | D:10     | Reached ***** piety under Uskayaw
 14073 | D:10     | Found a staircase to the Orcish Mines.
 15137 | D:11     | Killed a seven-headed hydra
 15235 | D:11     | Noticed a two-headed ogre
 15247 | D:11     | Killed a two-headed ogre
 15335 | D:12     | Noticed Azrael
 15361 | D:12     | Killed Azrael
 15658 | D:12     | Noticed a two-headed ogre
 15671 | D:12     | Killed a two-headed ogre
 15683 | D:12     | Reached XP level 13. HP: 66/66 MP: 19/19
 15833 | D:12     | Noticed donomii's ghost (journeyman DsBe)
 16249 | D:12     | Killed donomii's ghost
 16793 | D:13     | Found a stormy altar of Qazlal.
 16853 | D:13     | Found a gate to the Vaults.
 17330 | Orc:1    | Entered Level 1 of the Orcish Mines
 17412 | Orc:1    | Found a roughly hewn altar of Beogh.
 17433 | Orc:1    | Reached ****** piety under Uskayaw
 17782 | Orc:1    | Noticed a stone giant
 17787 | Orc:1    | Killed a stone giant
 17796 | Orc:1    | Noticed Erolcha
 17824 | Orc:1    | Killed Erolcha
 17993 | Orc:2    | Entered Level 2 of the Orcish Mines
 18248 | Orc:2    | Found a staircase to the Elven Halls.
 18352 | Orc:2    | HP: 3/67 [orc warrior/flail (25)]
 18756 | Orc:2    | Found Ullud's Distillery.
 18757 | Orc:2    | Found Suruhain's Distillery.
 19711 | Orc:2    | Paralysed by an orc sorcerer for 2 turns
 19779 | Orc:2    | Paralysed by an orc sorcerer for 2 turns
 19932 | Orc:2    | Bought a potion of heal wounds for 70 gold pieces
 19932 | Orc:2    | Bought a potion of heal wounds for 70 gold pieces
 20426 | Orc:2    | Reached XP level 14. HP: 64/72 MP: 20/20
 20898 | Orc:1    | Learned a level 3 spell: Confuse
 21191 | Orc:2    | Reached skill level 1 in Hexes
 21728 | Orc:2    | Found Dimojy's Book Shop.
 21728 | Orc:2    | Found Hyka's Antique Armour Boutique.
 21728 | Orc:2    | Found a one-way gate leading to the halls of Pandemonium.
 21776 | Orc:2    | Bought a potion of curing for 30 gold pieces
 21776 | Orc:2    | Bought a potion of heal wounds for 50 gold pieces
 21776 | Orc:2    | Bought a potion of heal wounds for 50 gold pieces
 21776 | Orc:2    | Bought a potion of heal wounds for 50 gold pieces
 21776 | Orc:2    | Bought a potion of heal wounds for 50 gold pieces
 21778 | Orc:2    | Bought a potion of curing for 42 gold pieces
 21778 | Orc:2    | Bought a potion of curing for 42 gold pieces
 21778 | Orc:2    | Bought a potion of berserk rage for 70 gold pieces
 22178 | D:13     | Reached skill level 5 in Spellcasting
 22245 | D:13     | Found Xett's Food Emporium.
 22282 | D:13     | Lost mutation: You are weak. (Str -2) [potion of mutation]
 22282 | D:13     | Lost mutation: You are resistant to electric shocks. (rElec) [potion of mutation]
 22282 | D:13     | Gained mutation: You are agile. (Dex +2) [potion of mutation]
 22282 | D:13     | Gained mutation: You are resistant to electric shocks. (rElec) [potion of mutation]
 22283 | D:13     | Lost mutation: You expend magic power (3 MP) to strengthen your wands. [potion of mutation]
 22283 | D:13     | Lost mutation: You are agile. (Dex +2) [potion of mutation]
 22283 | D:13     | Lost mutation: Your system is resistant to poisons. (rPois) [potion of mutation]
 22283 | D:13     | Lost mutation: You are resistant to electric shocks. (rElec) [potion of mutation]
 22283 | D:13     | Gained mutation: You are dopey. (Int -2) [potion of mutation]
 22283 | D:13     | Lost mutation: You are dopey. (Int -2) [potion of mutation]
 22283 | D:13     | Gained mutation: Armour fits poorly on your strangely shaped body. [potion of mutation]
 22283 | D:13     | Gained mutation: You are agile. (Dex +2) [potion of mutation]
 22771 | D:14     | Noticed Nessos
 22778 | D:14     | Killed Nessos
 23578 | D:14     | Found Ynesiq's General Store.
 23584 | D:14     | Bought a scroll of teleportation for 33 gold pieces
 23654 | D:14     | Noticed Louise
 23656 | D:14     | Killed Louise
 23701 | D:15     | Entered Level 15 of the Dungeon
 23845 | D:15     | Noticed Roxanne
 24003 | D:15     | Lost mutation: Armour fits poorly on your strangely shaped body. [potion of mutation]
 24003 | D:15     | Lost mutation: You are agile. (Dex +2) [potion of mutation]
 24003 | D:15     | Gained mutation: Your mind is acute. (Int +2) [potion of mutation]
 24003 | D:15     | Gained mutation: You are resistant to hostile enchantments. (MR+) [potion of mutation]
 24003 | D:15     | Gained mutation: Your muscles are strong. (Str +2) [potion of mutation]
 24228 | D:15     | Reached skill level 15 in Short Blades
 24336 | D:15     | Found a staircase to the Depths.
 24832 | D:11     | Reached XP level 15. HP: 57/78 MP: 25/25
 24844 | D:11     | Reached skill level 5 in Invocations
 24910 | Elf:1    | Entered Level 1 of the Elven Halls
 25219 | Elf:1    | Reached skill level 15 in Dodging
 25360 | Elf:1    | Found Utwamak's Distillery.
 25958 | Elf:1    | Bought a potion of heal wounds for 65 gold pieces
 26049 | Elf:1    | Found a portal to a secret trove of treasure.
 26138 | Elf:1    | Identified the Tome of Conjuration
 26838 | Elf:2    | Found a runed gate.
 26838 | Elf:2    | Found a runed gate.
 26838 | Elf:2    | Found a runed gate.
 26894 | Elf:2    | Reached skill level 13 in Stealth
 27390 | Elf:3    | Entered Level 3 of the Elven Halls
 27390 | Elf:3    | Found a deep blue altar of Sif Muna.
 27517 | Elf:3    | Reached skill level 14 in Stealth
 28099 | Elf:3    | Noticed a deep elf master archer
 28100 | Elf:3    | Noticed a deep elf blademaster
 28101 | Elf:3    | Noticed a deep elf sorcerer
 28104 | Elf:3    | Noticed a deep elf blademaster
 28178 | Elf:2    | Killed a deep elf blademaster
 28178 | Elf:2    | Reached XP level 16. HP: 42/85 MP: 26/26
 28852 | Lair:1   | Entered Level 1 of the Lair of Beasts
 29055 | Lair:1   | Noticed Garrluk's ghost (journeyman DEFE)
 29066 | Lair:1   | Reached skill level 15 in Stealth
 29085 | Lair:1   | Killed Garrluk's ghost
 29690 | Lair:1   | Lost mutation: You are resistant to hostile enchantments. (MR+) [potion of mutation]
 29690 | Lair:1   | Lost mutation: Your muscles are strong. (Str +2) [potion of mutation]
 29690 | Lair:1   | Gained mutation: Your mind is very acute. (Int +4) [potion of mutation]
 29725 | Lair:2   | Found a staircase to the Swamp.
 30533 | Lair:3   | Found a staircase to the Snake Pit.
 30868 | Lair:3   | HP: 2/85 [death yak (12)]
 30897 | Lair:3   | Reached skill level 10 in Fighting
 31358 | Lair:4   | Got a slimy tin ring
 31377 | Lair:4   | Noticed IcyS's ghost (journeyman OpFi)
 31435 | Lair:4   | Reached skill level 16 in Stealth
 31440 | Lair:4   | Killed IcyS's ghost
 32588 | Lair:6   | Entered Level 6 of the Lair of Beasts
 32696 | Lair:6   | Reached skill level 17 in Stealth
 32852 | Lair:6   | Identified the ring "Ruibuyg Luhe" {rCorr *Slow rElec rF- Int+8} (You found it on level 4 of the Lair of Beasts)
 33309 | Lair:6   | Noticed an acid blob
 33334 | Lair:6   | Killed an acid blob
 33694 | Lair:6   | Reached skill level 18 in Stealth
 33885 | Lair:6   | Got a brightly glowing ivory ring
 33886 | Lair:6   | Identified the ring "Eblyc" {Ice rN+ Int+2} (You found it on level 6 of the Lair of Beasts)
 34400 | Depths:1 | Entered Level 1 of the Depths
 34420 | Depths:1 | HP: 1/86 [cyan very ugly thing (18)]
 34421 | Depths:1 | Killed from afar by a spark wasp

Skill      XL: |  1  2  3  4  5  6  7  8  9 10 11 12 13 14 15 16 |
---------------+-------------------------------------------------+-----
Stealth        | 6 7 8 9 10 12 14 18 | 18.3
Fighting       | 2 3 4 5 6 7 8 9 10 | 10.4
Dodging        | 2 3 4 5 6 7 8 10 11 12 14 16 17 | 17.4
Short Blades   | 3 4 6 8 9 11 13 14 15 16 | 16.1
Invocations    | 1 3 4 6 |  6.0
Shields        | 1 3 4 5 7 9 |  9.1
Armour         | 1 2 3 4 |  4.8
Spellcasting   | 3 6 |  6.4
Charms         | 4 |  4.0
Translocations | 4 |  4.1
Hexes          | 4 |  4.5
Throwing       | |  2.3

Action                   |  1- 3 |  4- 6 |  7- 9 | 10-12 | 13-15 | 16-18 || total
-------------------------+-------+-------+-------+-------+-------+-------++-------
Melee: Dagger            |   118 |   314 |       |       |   340 |       ||   772
       Rapier            |       |    79 |   306 |   819 |  1628 |       ||  2832
       Short sword       |       |       |       |       |   150 |   726 ||   876
       Long sword        |       |       |       |       |    16 |       ||    16
 Fire: Blowgun           |     1 |    34 |       |       |    10 |       ||    45
Invok: Stomp             |       |       |       |       |     6 |     3 ||     9
 Abil: Evoke Flight      |       |       |       |     4 |       |       ||     4
Evoke: Wand              |       |       |     2 |     2 |    10 |       ||    14
       Sack of spiders   |       |       |       |       |     3 |     4 ||     7
       Lamp of fire      |       |       |       |       |     1 |     1 ||     2
       Lightning rod     |       |       |       |       |       |     4 ||     4
       Box of beasts     |       |       |       |       |       |     3 ||     3
  Use: Potion            |       |     5 |     5 |     1 |     9 |     4 ||    24
       Scroll            |       |     2 |     8 |    10 |    20 |     8 ||    48
 Stab: Sleeping          |     6 |    19 |    19 |    31 |    34 |    48 ||   157
       Distracted        |       |     3 |     3 |     3 |     8 |     4 ||    21
       Paralysed         |       |       |     6 |    28 |    76 |    42 ||   152
  Eat: Bread ration      |       |     1 |     1 |     1 |     2 |     2 ||     7
       Fruit             |       |       |     1 |       |       |       ||     1
Armor: Robe              |    15 |    24 |    17 |     4 |       |       ||    60
       Skin              |       |       |    19 |       |       |       ||    19
       Troll leather arm |       |       |       |    48 |    80 |    46 ||   174
Dodge: Dodged            |    86 |   321 |   214 |   518 |  1097 |   433 ||  2669
Block: Buckler           |       |       |    36 |   315 |   755 |   293 ||  1399
       Rpst.: Long sword |       |       |       |       |     5 |       ||     5
